TOP OF THE 1ST |
---|
Kingston Iguanas batting - Pitching for Wilmington Rebels : RHP Mike Gordon | Pitching: RHP Mike Gordon | | Batting: RHB Bob Lee | 0-0: Ball 1-0: Ball 2-0: Ball 3-0: Base on Balls | Batting: RHB Francisco Martínez | 0-0: Called Strike 0-1: Ball 1-1: Swinging Strike 1-2: Strikes out swinging | Batting: LHB Jon Quinn | 0-0: Called Strike 0-1: Ball 1-1: Foul Ball, location: 2F 1-2: Ball 2-2: Foul Ball, location: 2F 2-2: Ball Bob Lee steals 2nd base 3-2: Fly out, F8 (Flyball, 8RM) | Batting: SHB John Beach | 0-0: Called Strike 0-1: Ball 1-1: Called Strike 1-2: SINGLE (Line Drive, 34) Bob Lee to third | Batting: LHB Billy Anderson | 0-0: Called Strike 0-1: Ball 1-1: Ball 2-1: Fly out, F5 (Popup, 5S) | Top of the 1st over - 0 runs, 1 hit, 0 errors, 2 left on base; Kingston 0 - Wilmington 0 | BOTTOM OF THE 1ST |
---|
Wilmington Rebels batting - Pitching for Kingston Iguanas : RHP Brandon Malet | Pitching: RHP Brandon Malet | | Batting: RHB Henry Haines | 0-0: Swinging Strike 0-1: Ball 1-1: Foul Ball, location: 2F 1-2: Strikes out looking | Batting: LHB Miguel Medellín | 0-0: Foul Ball, location: 2F 0-1: Ball 1-1: DOUBLE (Line Drive, 7D) | Batting: LHB Guillermo Santos | 0-0: 2-RUN HOME RUN (Flyball, 9D), Distance : 373 ft | Batting: LHB Marv Alexander | 0-0: Foul Ball, location: 2F 0-1: Foul Ball, location: 2F 0-2: Ball 1-2: Fly out, F9 (Flyball, 9) | Batting: LHB Juan Vásquez | 0-0: Ball 1-0: Ball 2-0: Swinging Strike 2-1: SINGLE (Groundball, 4MD) | Batting: LHB Seth Sullivan | 0-0: Ball Juan Vásquez is caught stealing 2nd base | Bottom of the 1st over - 2 runs, 3 hits, 0 errors, 0 left on base; Kingston 0 - Wilmington 2 | TOP OF THE 2ND |
---|
Kingston Iguanas batting - Pitching for Wilmington Rebels : RHP Mike Gordon | Batting: RHB Bobby Armstrong | 0-0: Called Strike 0-1: Called Strike 0-2: Strikes out looking | Batting: RHB Tim Davis | 0-0: Called Strike 0-1: SINGLE (Groundball, 34D) | Batting: RHB Sergio Mata | 0-0: Grounds into double play, 4-6-3 (Groundball, 4) | Top of the 2nd over - 0 runs, 1 hit, 0 errors, 0 left on base; Kingston 0 - Wilmington 2 | BOTTOM OF THE 2ND |
---|
Wilmington Rebels batting - Pitching for Kingston Iguanas : RHP Brandon Malet | Batting: LHB Seth Sullivan | 0-0: Foul Ball, location: 2F 0-1: Hit by Pitch | Batting: RHB Eugene Allen | 0-0: Ball 1-0: Ball 2-0: Ball 3-0: Called Strike 3-1: Fly out, F9 (Line Drive, 89D) | Batting: RHB Anastasio Movonda | 0-0: Ball 1-0: Called Strike 1-1: Foul Ball, location: 2F 1-2: Ball 2-2: Ball 3-2: Base on Balls Seth Sullivan to second | Batting: RHB Alex Whitehead | 0-0: Called Strike 0-1: Swinging Strike 0-2: Ball 1-2: Ball 2-2: Ball 3-2: Foul Ball, location: 2F 3-2: Base on Balls Seth Sullivan to third Anastasio Movonda to second | Batting: RHB Henry Haines | 0-0: Ball 1-0: Foul Ball, location: 2F 1-1: Called Strike 1-2: Foul Ball, location: 2F 1-2: Ball 2-2: Foul Ball, location: 2F 2-2: DOUBLE (Line Drive, 78D) Seth Sullivan scores Anastasio Movonda scores Alex Whitehead to third Runner from 3rd tries for Home, SAFE, no throw | Batting: LHB Miguel Medellín | 0-0: Ground out 4-3 (Groundball, 4) Henry Haines to third | Batting: LHB Guillermo Santos | 0-0: Ball 1-0: Foul Ball, location: 2F 1-1: Ball 2-1: Swinging Strike 2-2: Ball 3-2: SINGLE (Groundball, 4MD) Henry Haines scores | Pitching: RHP Edwin Manning | | Batting: LHB Marv Alexander | 0-0: Fly out, F7 (Flyball, 7LSF) | Bottom of the 2nd over - 4 runs, 2 hits, 0 errors, 1 left on base; Kingston 0 - Wilmington 6 | TOP OF THE 3RD |
---|
Kingston Iguanas batting - Pitching for Wilmington Rebels : RHP Mike Gordon | Batting: SHB Júlio Valentín | 0-0: Ball 1-0: SOLO HOME RUN (Flyball, 9LD), Distance : 347 ft | Batting: RHB Bob Lee | 0-0: Ball 1-0: Ball 2-0: Foul Ball, location: 2F 2-1: Ball 3-1: Base on Balls | Batting: RHB Francisco Martínez | 0-0: Ball 1-0: Ball 2-0: Ball 3-0: Called Strike 3-1: Base on Balls Bob Lee to second | Batting: LHB Jon Quinn | 0-0: Foul Ball, location: 2F 0-1: Ball Balk! Bob Lee to third Francisco Martínez to second 1-1: Foul Ball, location: 2F 1-2: Fly out, F8 (Flyball, 8RM) Runner from 3rd tags up, SCORES, throw made | Batting: SHB John Beach | 0-0: Ground out U3 (Groundball, 3) Francisco Martínez to third | Batting: LHB Billy Anderson | 0-0: Foul Ball, location: 2F 0-1: Swinging Strike 0-2: Ball 1-2: Ball 2-2: Ball 3-2: Base on Balls | Batting: RHB Bobby Armstrong | 0-0: Swinging Strike 0-1: Foul Ball, location: 2F 0-2: SINGLE (Groundball, 6MD) Francisco Martínez scores Billy Anderson to second Runner from 2nd tries for 3rd, SAFE, no throw | Batting: RHB Tim Davis | 0-0: Ball 1-0: Ball 2-0: Called Strike 2-1: Foul Ball, location: 2F 2-2: Ball 3-2: Foul Ball, location: 2F 3-2: Ground out 6-3 (Groundball, 6D) | Top of the 3rd over - 3 runs, 2 hits, 0 errors, 2 left on base; Kingston 3 - Wilmington 6 | BOTTOM OF THE 3RD |
---|
Wilmington Rebels batting - Pitching for Kingston Iguanas : RHP Edwin Manning | Batting: LHB Juan Vásquez | 0-0: DOUBLE (Groundball, 3L) | Batting: LHB Seth Sullivan | 0-0: Ground out U3 (Groundball, 34S) Juan Vásquez to third | Batting: RHB Eugene Allen | 0-0: Ball 1-0: Foul Ball, location: 2F 1-1: Ball 2-1: Fly out, F8 (Flyball, 8RD) Runner from 3rd tags up, SCORES, throw made | Batting: RHB Anastasio Movonda | 0-0: Called Strike 0-1: Fly out, F1 (Line Drive, 13) | Bottom of the 3rd over - 1 run, 1 hit, 0 errors, 0 left on base; Kingston 3 - Wilmington 7 | TOP OF THE 4TH |
---|
Kingston Iguanas batting - Pitching for Wilmington Rebels : RHP Mike Gordon | Batting: RHB Sergio Mata | 0-0: Ball 1-0: Ball 2-0: Ball 3-0: Called Strike 3-1: Base on Balls | Batting: SHB Júlio Valentín | 0-0: Ball 1-0: Ball 2-0: SINGLE (Line Drive, 6D) Sergio Mata to second | Batting: RHB Bob Lee | 0-0: Ball 1-0: Ball 2-0: SINGLE (Line Drive, 7LM) Sergio Mata to third Júlio Valentín to second | Batting: RHB Francisco Martínez | 0-0: Foul Ball, location: 2F 0-1: Grounds into double play, 4-6-3 (Groundball, 4) Sergio Mata scores Júlio Valentín to third | Batting: LHB Jon Quinn | 0-0: Foul Ball, location: 2F 0-1: Ball 1-1: Foul Ball, location: 2F 1-2: Ball 2-2: Foul Ball, location: 2F 2-2: Ground out 4-3 (Groundball, 4) | Top of the 4th over - 1 run, 2 hits, 0 errors, 1 left on base; Kingston 4 - Wilmington 7 | BOTTOM OF THE 4TH |
---|
Wilmington Rebels batting - Pitching for Kingston Iguanas : RHP Edwin Manning | Batting: RHB Alex Whitehead | 0-0: Ball 1-0: Ball 2-0: Foul Ball, location: 2F 2-1: Ball 3-1: Base on Balls | Batting: RHB Henry Haines | 0-0: Ball 1-0: Ball 2-0: Ball 3-0: Base on Balls Alex Whitehead to second | Batting: LHB Miguel Medellín | 0-0: Ball 1-0: Ball 2-0: Ball 3-0: Called Strike 3-1: Base on Balls Alex Whitehead to third Henry Haines to second | Batting: LHB Guillermo Santos | 0-0: Called Strike 0-1: Ball 1-1: Swinging Strike 1-2: Ball 2-2: Ball 3-2: Base on Balls Alex Whitehead scores Henry Haines to third Miguel Medellín to second | Batting: LHB Marv Alexander | 0-0: Foul Ball, location: 2F 0-1: Foul Ball, location: 2F 0-2: Ball 1-2: Foul Ball, location: 2F 1-2: Ball 2-2: Ball 3-2: Base on Balls Henry Haines scores Miguel Medellín to third Guillermo Santos to second | Batting: LHB Juan Vásquez | 0-0: Fielders Choice at 2nd, 3-6 (Groundball, 34) Miguel Medellín scores Guillermo Santos to third | Pitching: LHP Jeff Minnich | | Batting: LHB Seth Sullivan | 0-0: Ball 1-0: Called Strike 1-1: SINGLE (Groundball, 4MS) (infield hit) Guillermo Santos scores Juan Vásquez to second | Batting: RHB Eugene Allen | 0-0: Swinging Strike 0-1: Swinging Strike 0-2: Foul Ball, location: 2F 0-2: Ball Wild Pitch! Juan Vásquez to third Seth Sullivan to second 1-2: Ball 2-2: Strikes out looking | Batting: RHB Anastasio Movonda | 0-0: Called Strike 0-1: Called Strike 0-2: Ball 1-2: Foul Ball, location: 2F 1-2: Strikes out swinging | Bottom of the 4th over - 4 runs, 1 hit, 0 errors, 2 left on base; Kingston 4 - Wilmington 11 | TOP OF THE 5TH |
---|
Kingston Iguanas batting - Pitching for Wilmington Rebels : RHP Mike Gordon | Pitching: RHP Leonardo De La Garza | | Batting: SHB John Beach | 0-0: Ball 1-0: Ball 2-0: Fly out, F8 (Flyball, 89D) | Batting: LHB Billy Anderson | 0-0: Ball 1-0: Foul Ball, location: 2F 1-1: Ball 2-1: Foul Ball, location: 2F 2-2: Foul Ball, location: 2F 2-2: Fly out, F3 (Line Drive, 3) | Batting: RHB Bobby Armstrong | 0-0: Ball 1-0: DOUBLE (Line Drive, 7LM) | Batting: RHB Tim Davis | 0-0: Called Strike 0-1: Ball 1-1: Called Strike 1-2: Ball 2-2: Ball 3-2: SINGLE (Line Drive, 8LS) Bobby Armstrong to third Bobby Armstrong scores | Batting: RHB Sergio Mata | 0-0: Called Strike 0-1: Called Strike 0-2: Strikes out swinging | Top of the 5th over - 1 run, 2 hits, 0 errors, 1 left on base; Kingston 5 - Wilmington 11 | BOTTOM OF THE 5TH |
---|
Wilmington Rebels batting - Pitching for Kingston Iguanas : LHP Jeff Minnich | Batting: RHB Alex Whitehead | 0-0: Called Strike 0-1: Ball 1-1: Ball 2-1: Swinging Strike 2-2: Strikes out looking | Batting: RHB Henry Haines | 0-0: Fly out, F8 (Flyball, 8LM) | Batting: LHB Miguel Medellín | 0-0: Called Strike 0-1: Swinging Strike 0-2: Ball 1-2: Foul Ball, location: 2F 1-2: Strikes out swinging | Bottom of the 5th over - 0 runs, 0 hits, 0 errors, 0 left on base; Kingston 5 - Wilmington 11 | TOP OF THE 6TH |
---|
Kingston Iguanas batting - Pitching for Wilmington Rebels : RHP Leonardo De La Garza | Batting: SHB Júlio Valentín | 0-0: Ball 1-0: Swinging Strike 1-1: Foul Ball, location: 2F 1-2: Foul Ball, location: 2F 1-2: Foul Ball, location: 2F 1-2: Strikes out swinging | Batting: RHB Bob Lee | 0-0: Ball 1-0: Ball 2-0: Ground out 6-3 (Groundball, 6) | Batting: RHB Francisco Martínez | 0-0: Ball 1-0: Ball 2-0: Ball 3-0: Base on Balls | Batting: LHB Jon Quinn | 0-0: Foul Ball, location: 2F 0-1: Ball 1-1: Ball 2-1: Foul Ball, location: 2F 2-2: Foul Ball, location: 2F 2-2: Foul Ball, location: 2F 2-2: Foul Ball, location: 2F 2-2: Ball 3-2: Strikes out looking | Top of the 6th over - 0 runs, 0 hits, 0 errors, 1 left on base; Kingston 5 - Wilmington 11 | BOTTOM OF THE 6TH |
---|
Wilmington Rebels batting - Pitching for Kingston Iguanas : LHP Jeff Minnich | Batting: LHB Guillermo Santos | 0-0: Ball 1-0: Ball 2-0: Ball 3-0: Called Strike 3-1: Ground out 1-3 (Groundball, P) | Batting: LHB Marv Alexander | 0-0: Called Strike 0-1: Foul Ball, location: 2F 0-2: Ground out U3 (Groundball, 3) | Batting: LHB Juan Vásquez | 0-0: SINGLE (Groundball, 25) (infield hit) | Batting: LHB Seth Sullivan | 0-0: Foul Ball, location: 2F 0-1: SINGLE (Groundball, 56S) (infield hit) Juan Vásquez to second | Batting: RHB Eugene Allen | 0-0: Fielders Choice at 2nd, 6-4 (Groundball, 6) | Bottom of the 6th over - 0 runs, 2 hits, 0 errors, 2 left on base; Kingston 5 - Wilmington 11 | TOP OF THE 7TH |
---|
Kingston Iguanas batting - Pitching for Wilmington Rebels : RHP Leonardo De La Garza | Batting: SHB John Beach | 0-0: Ball 1-0: Called Strike 1-1: Ball 2-1: Swinging Strike 2-2: SINGLE (Groundball, 6MD) | Batting: LHB Billy Anderson | 0-0: Foul Ball, location: 2F 0-1: Ball 1-1: Foul Ball, location: 2F 1-2: Strikes out looking | Batting: RHB Bobby Armstrong | 0-0: Ball 1-0: Ball 2-0: Ball 3-0: Base on Balls John Beach to second | Pitching: LHP Brian Hodges | | Batting: RHB Tim Davis | 0-0: Ball 1-0: Called Strike 1-1: Fly out, F8 (Flyball, 8RM) | Batting: RHB Sergio Mata | 0-0: Ball 1-0: Foul Ball, location: 2F 1-1: Ball 2-1: Called Strike 2-2: Strikes out swinging | Top of the 7th over - 0 runs, 1 hit, 0 errors, 2 left on base; Kingston 5 - Wilmington 11 | BOTTOM OF THE 7TH |
---|
Wilmington Rebels batting - Pitching for Kingston Iguanas : LHP Jeff Minnich | Batting: RHB Anastasio Movonda | 0-0: Called Strike 0-1: Ball 1-1: Ball 2-1: Ball 3-1: Called Strike 3-2: Foul Ball, location: 2F 3-2: Strikes out swinging | Batting: RHB Alex Whitehead | 0-0: Ball 1-0: Called Strike 1-1: Foul Ball, location: 2F 1-2: Ball 2-2: Strikes out looking | Batting: RHB Henry Haines | 0-0: Foul Ball, location: 2F 0-1: Fly out, F4 (Line Drive, 4M) | Bottom of the 7th over - 0 runs, 0 hits, 0 errors, 0 left on base; Kingston 5 - Wilmington 11 | TOP OF THE 8TH |
---|
Kingston Iguanas batting - Pitching for Wilmington Rebels : LHP Brian Hodges | Batting: SHB Júlio Valentín | 0-0: Ball 1-0: Ball 2-0: Foul Ball, location: 2F 2-1: Foul Ball, location: 2F 2-2: Strikes out swinging | Batting: RHB Bob Lee | 0-0: Ball 1-0: Called Strike 1-1: SOLO HOME RUN (Flyball, 78XD), Distance : 390 ft | Batting: RHB Francisco Martínez | 0-0: Ball 1-0: Called Strike 1-1: Swinging Strike 1-2: Ball 2-2: SINGLE (Groundball, 56D) | Batting: LHB Jon Quinn | 0-0: Ball 1-0: Ball 2-0: Ball 3-0: Swinging Strike 3-1: Called Strike 3-2: Foul Ball, location: 2F 3-2: Base on Balls Francisco Martínez to second | Batting: SHB John Beach | 0-0: Foul Ball, location: 2F 0-1: Swinging Strike 0-2: Foul Ball, location: 2F 0-2: Strikes out looking | Batting: LHB Billy Anderson | 0-0: Called Strike 0-1: Called Strike 0-2: Foul Ball, location: 2F 0-2: SINGLE (Groundball, 56D) Francisco Martínez to third Jon Quinn to second Runner from 3rd tries for Home, SAFE, no throw | Batting: RHB Bobby Armstrong | 0-0: Ball 1-0: Ball 2-0: Fielders Choice at 2nd, 5-4 (Groundball, 56) | Top of the 8th over - 2 runs, 3 hits, 0 errors, 2 left on base; Kingston 7 - Wilmington 11 | BOTTOM OF THE 8TH |
---|
Wilmington Rebels batting - Pitching for Kingston Iguanas : LHP Jeff Minnich | Batting: LHB Miguel Medellín | 0-0: Foul Ball, location: 2F 0-1: Foul Ball, location: 2F 0-2: Strikes out looking | Batting: LHB Guillermo Santos | 0-0: Called Strike 0-1: Ball 1-1: Swinging Strike 1-2: Strikes out swinging | Batting: LHB Marv Alexander | 0-0: Called Strike 0-1: Ball 1-1: Ball 2-1: Foul Ball, location: 2F 2-2: Ball 3-2: Foul Ball, location: 2F 3-2: Foul Ball, location: 2F 3-2: Ground out 4-3 (Groundball, 4) | Bottom of the 8th over - 0 runs, 0 hits, 0 errors, 0 left on base; Kingston 7 - Wilmington 11 | TOP OF THE 9TH |
---|
Kingston Iguanas batting - Pitching for Wilmington Rebels : LHP Brian Hodges | Batting: RHB Tim Davis | 0-0: Called Strike 0-1: Foul Ball, location: 2F 0-2: Ball 1-2: Ball 2-2: Foul Ball, location: 2F 2-2: Strikes out swinging | Batting: RHB Sergio Mata | 0-0: SINGLE (Groundball, 56D) | Pitching: RHP Gabriel Castillo | | Batting: SHB Júlio Valentín | 0-0: Ball 1-0: Ball 2-0: Ball 3-0: Base on Balls Sergio Mata to second | Batting: RHB Bob Lee | 0-0: Called Strike 0-1: Swinging Strike 0-2: Ball 1-2: Fly out, F7 (Flyball, 7LD) | Batting: RHB Francisco Martínez | 0-0: Ball 1-0: Ball 2-0: Foul Ball, location: 2F 2-1: Ball 3-1: Foul Ball, location: 2F 3-2: Strikes out swinging | Top of the 9th over - 0 runs, 1 hit, 0 errors, 2 left on base; Kingston 7 - Wilmington 11 | |